 Dungeon Crawl Stone Soup version 0.20.1-1-g8b1a95d (webtiles) character file.

28 Mimshu the Insei (level 2, -2/22 HPs)
             Began as a Demigod Transmuter on Nov 30, 2017.
             Slain by a goblin (3 damage)
             ... on level 1 of the Dungeon.
             The game lasted 00:03:06 (1587 turns).

Mimshu the Insei (Demigod Transmuter)               Turns: 1587, Time: 00:03:07

Health: -2/22      AC:  5    Str: 13    XL:     2   Next: 75%
Magic:  7/7        EV:  6    Int: 17    God:
Gold:   18         SH: 10    Dex: 16    Spells: 4/5 levels left

rFire    . . .     SeeInvis .   e - -2 mace (curse)
rCold    . . .     Gourm    .   k - +0 large shield
rNeg     . . .     Faith    .   g - +0 ring mail
rPois    .         Spirit   .   (no helmet)
rElec    .         Reflect  .   (no cloak)
rCorr    .         Harm     .   (no gloves)
MR       .....                  (no boots)
Stlth    +.........             (no amulet)
Regen    0.1/turn               (no ring)
MPRegen  0.1/turn               (no ring)

@: very slightly contaminated
A: high mp 1
a: no special abilities


You were on level 1 of the Dungeon.
You were not hungry.

You visited 1 branch of the dungeon, and saw 1 of its levels.

You collected 18 gold pieces.

Inventory:

Hand Weapons
 e - a cursed -2 mace (weapon)
 l - a cursed -1 short sword
Missiles
 a - 29 arrows
Armour
 b - a +0 robe
 g - a +0 ring mail (worn)
 k - a +0 large shield (worn)
Jewellery
 i - an uncursed ring of see invisible {unknown}
Potions
 f - a potion of resistance {unknown}
 j - a potion of brilliance {unknown}
Books
 c - a book of Changes

   Spells                             Type                      Level
   a - Beastly Appendage              Transmutation                1
   b - Sticks to Snakes               Transmutation                2
   c - Spider Form                    Transmutation/Poison         3
   d - Ice Form                       Ice/Transmutation            4
   e - Blade Hands                    Transmutation                5
Comestibles
 d - a bread ration
 h - 2 chunks of flesh


   Skills:
 + Level 0.8 Fighting
 + Level 1.0 Maces & Flails
 + Level 0.1 Armour
 + Level 2.0 Dodging
 + Level 2.9 Unarmed Combat
 + Level 2.0 Spellcasting
 + Level 2.1 Transmutations


You had 4 spell levels left.
You knew the following spells:

 Your Spells              Type           Power        Failure   Level  Hunger
a - Beastly Appendage     Tmut           #.....       99%         1    #......


Dungeon Overview and Level Annotations

Branches:
Dungeon (1/15)


Innate Abilities, Weirdness & Mutations

You have an increased reservoir of magic. (+10% MP)


Message History

You miscast Beastly Appendage.
You are very lightly contaminated with residual magic.
Strange energies run through your body. You block the kobold's attack.
The hobgoblin hits you with a club.
* * * LOW HITPOINT WARNING * * *
You see here a whip.
The goblin hits you.
* * * LOW HITPOINT WARNING * * *
The goblin hits you.
* * * LOW HITPOINT WARNING * * *
You closely miss the goblin.
The goblin is moderately wounded.
The goblin hits you.
* * * LOW HITPOINT WARNING * * *
The kobold hits you but does no damage. You block the goblin's attack.
You block the kobold's attack.
Your shield prevents you from hitting the goblin.
The goblin is moderately wounded.
You block the hobgoblin's attack. The goblin hits you.
You die...

#.#.# #.# #.#.)..####### #.#.#
#.# #.#........... #.#.# #.#
#.#....########## #.#.#
#.####.#...g.)...(....
##.#.#######....#)#g##.###....(..
#....#..........#.#K##.# #.......
######..........#.#.##.# #.......
#...........g#.##.# #.......
#..........@g...#.# ########
#...........K...#.#
#...............#.#
#..............^#.#
#...............#.#
#......######...#.# ########
#...#.# ############.##.#
#..........#.##.#


You could see a hobgoblin, a goblin and a kobold.

Vanquished Creatures
  A dart slug (D:1)
  2 giant cockroaches (D:1)
  2 goblins (D:1)
  4 hobgoblins (D:1)
  6 bats (D:1)
  4 kobolds (D:1)
  6 rats (D:1)
25 creatures vanquished.

Notes
Turn   | Place    | Note
-------+----------+-------------------------------------------
     0 | D:1      | Mimshu the Demigod Transmuter began the quest for the Orb.
     0 | D:1      | Reached XP level 1. HP: 15/15 MP: 5/5
   556 | D:1      | Reached XP level 2. HP: 22/22 MP: 7/7
  1411 | D:1      | Reached skill level 1 in Maces & Flails
  1586 | D:1      | HP: 1/22 [goblin (1)]
  1587 | D:1      | Slain by a goblin

Skill      XL: |  1  2 |
---------------+-------+-----
Transmutations | 2 |  2.1
Spellcasting   | 2 |  2.0
Dodging        | 2 |  2.0
Maces & Flails | 1 |  1.0
Fighting       | |  0.8
Armour         | |  0.1
Unarmed Combat | |  2.9

Action                   || total
-------------------------++-------
Melee: Mace              ||    95
       Headbutt          ||     3
 Cast: Beastly Appendage ||     3
  Use: Scroll            ||     2
  Eat: Chunk             ||     2
Armor: Ring mail         ||    52
       Robe              ||     4
Dodge: Dodged            ||    70
Block: Large shield      ||    32
